 Dungeon Crawl Stone Soup version 0.19.4-12-gccf7e64 (webtiles) character file.

179222 kae the Minotaur Blade (level 17, -1/154 HPs)
             Began as a Minotaur Fighter on Feb 25, 2017.
             Was the Champion of Qazlal.
             Slain by MirrMurr's ghost (4 damage)
             ... on level 4 of the Snake Pit on Feb 26, 2017.
             The game lasted 00:43:26 (35781 turns).

kae the Minotaur Blade (Minotaur Fighter)          Turns: 35781, Time: 00:43:27

Health: -1/154     AC: 22    Str: 34    XL:     17   Next: 60%
Magic:  0/27       EV: 19    Int:  4    God:    Qazlal [******]
Gold:   3407       SH:  8    Dex: 12    Spells: 0 memorised, 16 levels left

rFire  . . .     SeeInvis .     y - +9 triple sword of Cowardice {slice, rN+ MR+}
rCold  + . .     Gourm    .     r - +3 scale mail "Bygabucw" {rC+}
rNeg   + . .     Faith    .     (shield currently unavailable)
rPois  .         Spirit   +     H - +0 hat "Iskaqaiba" {*Contam +Inv Str+7 Int-3}
rElec  +         Reflect  .     Z - +1 cloak
rCorr  .         Harm     .     g - +0 pair of gloves {Str+3}
MR     ++...                    t - +2 pair of boots
Stlth  ..........               s - amulet of guardian spirit
                                n - +5 ring of evasion
                                U - ring of Oczol {rElec AC-2} (curse)

@: protected from physical damage, studying Crossbows, repel missiles, heavily
drained
A: retaliatory headbutt, horns 2, yellow scales 1, deterioration 1, wild magic 1
a: Upheaval, Elemental Force, Disaster Area, Renounce Religion, Evoke
Invisibility


You were on level 4 of the Snake Pit.
You worshipped Qazlal.
Qazlal was exalted by your worship.
You were near starving.

You visited 5 branches of the dungeon, and saw 28 of its levels.
You also visited: Ice Cave.

You collected 3407 gold pieces.

Inventory:

Hand Weapons
 q - a +2 demon blade of slicing
 y - the +9 triple sword of Cowardice (weapon) {slice, rN+ MR+}
   (You acquired it on level 11 of the Dungeon)

   It inflicts extra damage upon your enemies.
   It protects you from negative energy.
   It affects your resistance to hostile enchantments.
 F - the +13 sword of Power
   (You found it on level 13 of the Dungeon)
 L - the +0 double sword of Zedghuf {holy, rC+ Stlth+}
   (You acquired it on level 11 of the Dungeon)

   It has been blessed by the Shining One to cause great damage to the undead
   and demons.
   It protects you from cold.
   It makes you more stealthy.
 W - a +4 great sword of freezing
Armour
 g - a +0 pair of gloves of strength (worn)
 r - the +3 scale mail "Bygabucw" (worn) {rC+}
   (You found it on level 5 of the Dungeon)

   It protects you from cold.
 t - a +2 pair of boots (worn)
 H - the +0 hat "Iskaqaiba" (worn) {*Contam +Inv Str+7 Int-3}
   (You found it on level 15 of the Dungeon)

   It affects your strength (+7).
   It affects your intelligence (-3).
   It lets you turn invisible.
   It causes magical contamination when unequipped.
 Z - a +1 cloak (worn)
Jewellery
 n - a +5 ring of evasion (right hand)
 o - a +1 ring of slaying
 s - an amulet of guardian spirit (around neck)
 E - an uncursed amulet of the gourmand
 N - an uncursed ring of poison resistance {unknown}
 U - the cursed ring of Oczol (left hand) {rElec AC-2}
   (You found it in an ice cave)

   [ring of protection]

   It affects your AC (-2).
   It insulates you from electricity.
   It has a curse placed upon it.
Wands
 c - a wand of iceblast (8/15)
 C - a wand of random effects (18/48)
 J - a wand of lightning (5/15)
 M - a wand of digging (8/24)
 S - a wand of flame (21/48)
Scrolls
 b - a scroll of magic mapping
 e - 15 scrolls of identify
 l - 4 scrolls of immolation
 u - 3 scrolls of teleportation
 x - 3 scrolls of enchant armour
 B - 2 scrolls of amnesia
 G - 12 scrolls of remove curse
 I - a scroll of enchant weapon
 K - a scroll of fog
 P - 3 scrolls of recharging
 R - a scroll of vulnerability {unknown}
 V - a scroll of holy word {unknown}
Potions
 d - a potion of cancellation
 h - 2 potions of agility
 i - a potion of haste
 p - a potion of brilliance
 v - 4 potions of lignification
 w - 4 potions of curing
 A - 2 potions of magic
 D - 3 potions of flight
 O - a potion of might
 Q - a potion of invisibility {unknown}
 T - a potion of beneficial mutation
Books
 a - a manual of Crossbows
 z - a book of Death

   Spells                             Type                      Level
   a - Corpse Rot                     Necromancy                   2
   b - Sublimation of Blood           Necromancy                   2
   c - Agony                          Necromancy                   5
   d - Dispel Undead                  Necromancy                   5
   e - Excruciating Wounds            Charms/Necromancy            5
   f - Bolt of Draining               Conjuration/Necromancy       5
Comestibles
 f - 16 bread rations
 j - 11 meat rations
 k - 11 beef jerkies
 m - 10 fruits


   Skills:
 - Level 14.7(11.3) Fighting
 * Level 22.8(18.8) Long Blades
 - Level 14.0(10.7) Armour
 + Level 10.5(7.5) Dodging
   Level 3.6(1.1) Shields
 - Level 15.0(11.6) Invocations


You had 16 spell levels left.
You didn't know any spells.

Dungeon Overview and Level Annotations

Branches:
Dungeon (15/15)            Temple (1/1) D:5            Lair (6/6) D:9
 Shoals (0/4) Lair:3        Snake (4/4) Lair:4        Slime (0/5) Lair:5
    Orc (2/2) D:11            Elf (0/3) Orc:2        Vaults (0/5) D:13
 Depths (0/5) D:15

Altars:
Ashenzari
Cheibriados
Dithmenos
Fedhas
Gozag
Hepliaklqana
Kikubaaqudgha
Makhleb
Nemelex Xobeh
Okawaru
Qazlal
Ru
Sif Muna
Trog
Uskayaw
Vehumet
Xom
Yredelemnul
Zin
The Shining One
Beogh
Jiyva

Shops:
D:14 :(*}   D:15 }   Orc:2 %%**

Portals:
Hell: Lair:6

Annotations:
Snake:4 MirrMurr's ghost, adept MiFi


Innate Abilities, Weirdness & Mutations

You reflexively headbutt those who attack you in melee.
You have a pair of horns on your head.
You are partially covered in yellow scales. (AC +2)
Your body sometimes deteriorates upon taking damage.
Your spells are a little harder to cast, but a little more powerful.


Message History

You barely miss MirrMurr's ghost. Your headbutt misses MirrMurr's ghost.
MirrMurr's ghost is almost destroyed.
MirrMurr's ghost hits you!!
* * * LOW HITPOINT WARNING * * *
You partially resist.
You feel drained.
* * * LOW HITPOINT WARNING * * *
A naga comes into view. It is wielding a trident.
You miss MirrMurr's ghost. Your headbutt misses MirrMurr's ghost.
MirrMurr's ghost is almost destroyed.
MirrMurr's ghost hits you!
* * * LOW HITPOINT WARNING * * *
You feel more protected from physical attacks.
You partially resist.
You feel drained.
You barely miss MirrMurr's ghost.
MirrMurr's ghost is almost destroyed.
MirrMurr's ghost hits you!!
* * * LOW HITPOINT WARNING * * *
You feel more protected from physical attacks.
You partially resist.
You feel drained.
You die...

#........## #..........
###.#..#..# ##...######
#.......#######...#
##................# .
..................#
..#.#.#.#...####....#
....#.#..#........).# #####
#........##.#.###.†.# ###.....
#.#..........#@#.))#####.(.)...
#.##...##....#W#...............
#..#....##....N##.W............
#....#.##......#..............
###......##.......######......
####..##..........# #######
#.................#
#..........#......#
#..........##.....#


You could see a naga and MirrMurr's ghost.

Vanquished Creatures
  Gastronok (Lair:3)
  5 nagarajas
  An orc warlord (Orc:1)
  Aizul (Snake:3)
  A reaper (IceCv)
  Snorg (D:14)
  A great orb of eyes (D:13)
  Josephine (Lair:5)
  The ghost of Eremar the Basher, a journeyman MiFi of Okawaru (Lair:2)
  A catoblepas (Lair:2)
  A ghost crab (shapeshifter) (D:14)
  A rakshasa (D:15)
  7 hydras
  9 naga warriors
  3 centaur warriors
  4 ogre magi
  10 anacondas
  A queen ant (Lair:2)
  2 tengu warriors (D:13)
  5 naga sharpshooters
  Urug (Lair:5)
  The ghost of Shufflesack the Destroyer, a journeyman DECj of Vehumet (D:10)
  8 shock serpents
  A sun demon (Lair:6)
  4 hell knights (D:13)
  A sea snake (shapeshifter) (D:15)
  A sixfirhy (Lair:6)
  A deep troll (Orc:1)
  3 salamander mystics
  An iron troll (Orc:2)
  3 wizards
  An unseen horror (D:10)
  A glowing orange brain (D:15)
  4 naga ritualists
  11 hill giants
  2 orc knights
  3 necromancers (D:13)
  A deep elf mage (D:15)
  8 mana vipers
  4 orc sorcerers (Orc:2)
  7 elephants
  3 cyclopes
  19 ugly things
  3 manticores
  13 salamanders
  26 black mambas
  Joseph (D:8)
  A black mamba (shapeshifter) (D:15)
  22 naga magi
  3 gargoyles
  5 guardian serpents
  2 ice statues (IceCv)
  A water nymph (shapeshifter) (D:15)
  10 spiny frogs
  3 centaur skeletons
  The ghost of blastoid the Conjurer, a novice DgCj (D:5)
  2 rust devils (D:13)
  5 orange demons
  8 komodo dragons
  3 efreet
  3 kobold demonologists (D:15)
  5 yaktaurs (D:13)
  A hellwing (Lair:6)
  7 rime drakes
  13 trolls
  A merfolk (shapeshifter) (D:15)
  A queen bee (shapeshifter) (D:15)
  5 polar bears
  6 ice devils (IceCv)
  2 red devils (Lair:6)
  A wind drake (shapeshifter) (D:13)
  A meliai (shapeshifter) (D:15)
  6 two-headed ogres
  9 blink frogs
  10 hippogriffs
  8 dream sheep (Lair:6)
  9 slime creatures
  5 wraiths
  A basilisk (shapeshifter) (D:15)
  Grum (D:8)
  3 wyverns
  71 yaks
  7 basilisks
  2 hungry ghosts
  A mottled dragon (D:12)
  5 soldier ants (Lair:2)
  Duvessa (D:4)
  Edmund (D:6)
  3 vampire mosquitoes
  3 wargs
  11 hell hounds
  59 nagas
  15 water moccasins
  16 porcupines
  34 orc warriors
  A swamp drake (D:11)
  A black bear (shapeshifter) (D:14)
  A hornet zombie (D:7)
  8 ice beasts
  A black bear (D:11)
  2 necrophages
  4 sky beasts
  2 eyes of draining (shapeshifter)
  42 ogres
  30 wolves
  16 centaurs
  An eye of draining (D:9)
  20 crocodiles
  3 big kobolds (D:15)
  15 bullfrogs
  A wyvern zombie (D:14)
  Dowan (D:4)
  2 wyvern skeletons
  4 scorpions
  A killer bee (shapeshifter) (D:13)
  3 killer bees (D:12)
  6 wights
  An electric eel (D:13)
  3 howler monkeys
  7 crimson imps
  5 centaur zombies
  2 bullfrog zombies
  5 hounds
  23 orc priests
  Crazy Yiuf (D:3)
  2 bullfrog skeletons
  6 iguanas
  17 worker ants
  30 orc wizards
  A bullfrog simulacrum (D:13)
  A hound zombie (D:8)
  13 gnolls
  14 adders
  4 river rats (D:9)
  4 shadow imps
  21 white imps
  8 ufetubi (IceCv)
  A dart slug (D:1)
  7 leopard geckos
  114 orcs
  6 ball pythons
  15 bats
  9 giant cockroaches
  7 goblins
  12 hobgoblins
  10 jackals
  3 quokkas
  7 frilled lizards
  A jackal skeleton (D:9)
  5 kobolds
  A leopard gecko skeleton (D:5)
  A quokka skeleton (D:6)
  8 rats
  24 fungi
  15 plants
1161 creatures vanquished.

Vanquished Creatures (collateral kills)
  A white imp (Lair:4)
1 creature vanquished.

Vanquished Creatures (others)
  A nagaraja (Snake:2)
  A mana viper (Snake:4)
  A salamander (Snake:2)
  6 white imps
  3 ufetubi (IceCv)
  An orc (D:15)
  A ball python (Snake:2)
  12 fungi
  5 plants (Lair:2)
31 creatures vanquished.

Grand Total: 1193 creatures vanquished

Notes
Turn   | Place    | Note
-------+----------+-------------------------------------------
     0 | D:1      | kae the Minotaur Fighter began the quest for the Orb.
     0 | D:1      | Reached XP level 1. HP: 19/19 MP: 0/0
   139 | D:1      | Reached XP level 2. HP: 22/27 MP: 1/1
   156 | D:1      | Reached skill level 3 in Long Blades
   359 | D:1      | Reached XP level 3. HP: 33/33 MP: 2/2
   999 | D:2      | Reached XP level 4. HP: 40/40 MP: 3/3
  1111 | D:3      | Reached skill level 4 in Long Blades
  1869 | D:3      | Upgraded the game from 0.19.4-10-g532645f to 0.19.4-12-gccf7e64
  2000 | D:3      | Reached XP level 5. HP: 47/47 MP: 4/4
  2092 | D:3      | Found a runed door.
  2122 | D:3      | Found a burning altar of Makhleb.
  2128 | D:3      | Found a glowing silver altar of Zin.
  2128 | D:3      | Noticed an angel
  2129 | D:3      | Noticed a balrug
  2214 | D:3      | Found a sacrificial altar of Ru.
  2252 | D:3      | Found a radiant altar of Vehumet.
  2354 | D:3      | Noticed Crazy Yiuf
  2364 | D:3      | Killed Crazy Yiuf
  2434 | D:4      | Reached skill level 5 in Armour
  2440 | D:4      | Reached skill level 5 in Fighting
  2440 | D:4      | Reached skill level 5 in Long Blades
  2655 | D:4      | Reached XP level 6. HP: 44/56 MP: 5/5
  2864 | D:4      | Noticed Duvessa
  2865 | D:4      | Noticed Dowan
  2873 | D:4      | Gained mutation: Your body sometimes deteriorates upon taking damage. [potion of mutation]
  2873 | D:4      | Gained mutation: You are partially covered in yellow scales. (AC +2) [potion of mutation]
  2873 | D:4      | Gained mutation: Your spells are a little harder to cast, but a little more powerful. [potion of mutation]
  2882 | D:4      | Killed Duvessa
  2882 | D:4      | Reached skill level 6 in Long Blades
  2904 | D:4      | Killed Dowan
  3062 | D:4      | Reached XP level 7. HP: 51/62 MP: 6/6
  3314 | D:4      | Reached skill level 7 in Long Blades
  3797 | D:5      | Entered Level 5 of the Dungeon
  3807 | D:5      | Found an ancient bone altar of Kikubaaqudgha.
  3999 | D:5      | Noticed blastoid's ghost (novice DgCj)
  4021 | D:5      | Killed blastoid's ghost
  4021 | D:5      | Reached skill level 8 in Long Blades
  4021 | D:5      | Reached XP level 8. HP: 23/71 MP: 7/7
  4293 | D:5      | Got an encrusted scale mail
  4304 | D:5      | Identified the +3 scale mail "Bygabucw" {rC+} (You found it on level 5 of the Dungeon)
  4488 | D:5      | Found a shattered altar of Ashenzari.
  4510 | D:5      | Found a staircase to the Ecumenical Temple.
  4532 | D:5      | Noticed an air elemental
  4534 | D:5      | Found a stormy altar of Qazlal.
  4554 | Temple   | Entered the Ecumenical Temple
  4709 | D:5      | Became a worshipper of Qazlal Stormbringer
  5232 | D:6      | Reached skill level 1 in Invocations
  5263 | D:6      | Reached skill level 9 in Long Blades
  5530 | D:6      | Noticed Edmund
  5545 | D:6      | Killed Edmund
  6002 | D:7      | Identified a scroll of acquirement
  6011 | D:7      | Reached * piety under Qazlal
  6124 | D:7      | Reached XP level 9. HP: 80/80 MP: 10/10
  6182 | D:7      | Found a sparkling altar of Nemelex Xobeh.
  6405 | D:7      | Found a blossoming altar of Fedhas.
  6660 | D:7      | Reached skill level 10 in Long Blades
  7008 | D:8      | Found a shimmering altar of Xom.
  7275 | D:8      | Noticed Grum
  7276 | D:8      | Noticed Joseph
  7297 | D:8      | Killed Grum
  7302 | D:8      | Reached skill level 5 in Invocations
  7310 | D:8      | Killed Joseph
  7380 | D:8      | Reached ** piety under Qazlal
  7607 | D:9      | Noticed a troll
  7616 | D:9      | Reached skill level 11 in Long Blades
  7621 | D:9      | Killed a troll
  7621 | D:9      | Reached XP level 10. HP: 68/90 MP: 13/13
  7919 | D:9      | Reached *** piety under Qazlal
  7955 | D:9      | Found a deep blue altar of Sif Muna.
  7999 | D:9      | Noticed a hand axe
  8000 | D:9      | Noticed a hand axe
  8002 | D:9      | Found a hide-covered altar of Uskayaw.
  8422 | D:9      | Found a staircase to the Lair.
  8564 | Lair:1   | Entered Level 1 of the Lair of Beasts
  8617 | Lair:1   | Reached skill level 12 in Long Blades
  8954 | Lair:1   | Reached **** piety under Qazlal
  9140 | Lair:1   | Reached skill level 10 in Fighting
  9140 | Lair:1   | Reached XP level 11. HP: 86/98 MP: 15/15
  9689 | Lair:2   | Noticed Eremar's ghost (journeyman MiFi)
  9736 | Lair:2   | Killed Eremar's ghost
  9736 | Lair:2   | Reached skill level 10 in Armour
  9836 | Lair:2   | Noticed a catoblepas
  9870 | Lair:2   | Killed a catoblepas
  9870 | Lair:2   | Reached skill level 13 in Long Blades
 10083 | Lair:2   | Noticed a seven-headed hydra
 10511 | Lair:2   | Noticed a queen ant
 10533 | Lair:2   | Killed a queen ant
 11146 | Lair:2   | Killed a seven-headed hydra
 11792 | Lair:3   | Found a staircase to the Shoals.
 11809 | Lair:3   | Reached XP level 12. HP: 66/110 MP: 18/18
 12169 | Lair:3   | Reached skill level 14 in Long Blades
 12237 | Lair:3   | Noticed Gastronok
 12258 | Lair:3   | Killed Gastronok
 12258 | Lair:3   | Reached skill level 10 in Invocations
 12904 | Lair:4   | Found a frozen archway.
 12976 | Lair:4   | Reached skill level 15 in Long Blades
 13083 | IceCv    | Entered an ice cave
 13939 | IceCv    | Noticed a reaper
 13957 | IceCv    | Killed a reaper
 13962 | IceCv    | Got a glittering platinum ring
 14073 | IceCv    | Identified the cursed ring of Oczol {rElec AC-2} (You found it in an ice cave)
 14260 | Lair:4   | Found a staircase to the Snake Pit.
 14273 | Lair:4   | Reached XP level 13. HP: 115/118 MP: 20/20
 14311 | Lair:4   | Reached ***** piety under Qazlal
 15200 | Lair:5   | Noticed Urug
 15631 | Lair:5   | Killed Urug
 15778 | Lair:5   | Reached skill level 16 in Long Blades
 15818 | Lair:5   | Noticed Josephine
 15831 | Lair:5   | Killed Josephine
 15838 | Lair:5   | Found a staircase to the Slime Pits.
 16000 | Lair:5   | Found a viscous altar of Jiyva.
 16861 | Lair:6   | Entered Level 6 of the Lair of Beasts
 17199 | Lair:6   | Reached XP level 14. HP: 19/127 MP: 10/22
 18097 | Lair:6   | Found a burning altar of Makhleb.
 18101 | Lair:6   | Reached skill level 17 in Long Blades
 18124 | Lair:6   | HP: 6/129 [red devil/demon trident (8)]
 18883 | Lair:6   | Found a gateway to Hell.
 19330 | D:10     | Entered Level 10 of the Dungeon
 19935 | D:10     | Noticed Shufflesack's ghost (journeyman DECj)
 19947 | D:10     | Killed Shufflesack's ghost
 20557 | D:11     | Found a roughly hewn altar of Beogh.
 20736 | D:11     | Found a staircase to the Orcish Mines.
 20878 | D:11     | You fall through a shaft for 2 floors!
 21679 | D:11     | Reached skill level 18 in Long Blades
 21919 | D:13     | Found a gate to the Vaults.
 21944 | D:13     | Found an opulent altar of Gozag.
 22035 | D:13     | Reached XP level 15. HP: 118/137 MP: 20/24
 22627 | D:13     | Found a runed door.
 23801 | D:14     | Reached ****** piety under Qazlal
 24143 | D:14     | Noticed Snorg
 24150 | D:14     | Killed Snorg
 24164 | D:14     | Found Cynkih's Book Shop.
 24328 | D:14     | Found Ogugip's Gadget Shoppe.
 24351 | D:14     | Found Puewigog's General Store.
 24406 | D:14     | Found Weoviyt's Weapon Shop.
 24574 | Orc:1    | Entered Level 1 of the Orcish Mines
 24934 | Orc:1    | Found a bloodstained altar of Trog.
 25375 | Orc:2    | Entered Level 2 of the Orcish Mines
 25423 | Orc:2    | Noticed an orc warlord
 25426 | Orc:2    | Paralysed by an orc sorcerer for 2 turns
 25687 | Orc:2    | Reached skill level 1 in Dodging
 25994 | Orc:1    | Killed an orc warlord
 26056 | Orc:1    | Reached skill level 19 in Long Blades
 26244 | Orc:2    | Reached skill level 15 in Invocations
 26585 | Orc:2    | Found Jaimyg's General Store.
 26593 | Orc:2    | Found Eqybre's Food Shop.
 26645 | Orc:2    | Found Qiry Yta's Food Shoppe.
 26662 | Orc:2    | Found Wocuthru's General Store.
 26901 | Orc:2    | Found a staircase to the Elven Halls.
 27218 | D:11     | Got a crystal triple sword
 27218 | D:11     | Got a translucent double sword
 27219 | D:11     | Identified the +9 triple sword of Cowardice {slice, rN+ MR+} (You acquired it on level 11 of the Dungeon)
 27220 | D:11     | Identified the +0 double sword of Zedghuf {holy, rC+ Stlth+} (You acquired it on level 11 of the Dungeon)
 27298 | D:15     | Entered Level 15 of the Dungeon
 27327 | D:15     | Got a bloodstained hat
 27381 | D:15     | Reached XP level 16. HP: 91/147 MP: 19/26
 27792 | D:15     | Identified the +0 hat "Iskaqaiba" {*Contam +Inv Str+7 Int-3} (You found it on level 15 of the Dungeon)
 27829 | D:15     | Found Vexav's Gadget Boutique.
 27912 | D:15     | Reached skill level 5 in Dodging
 28151 | D:15     | Found a staircase to the Depths.
 28195 | D:15     | Reached skill level 20 in Long Blades
 28778 | Snake:1  | Entered Level 1 of the Snake Pit
 31257 | Snake:2  | Reached skill level 21 in Long Blades
 32732 | Snake:3  | Reached XP level 17. HP: 112/154 MP: 25/27
 33854 | Snake:3  | Reached skill level 22 in Long Blades
 34053 | Snake:3  | Noticed Aizul
 34060 | Snake:3  | Killed Aizul
 34228 | Snake:4  | Entered Level 4 of the Snake Pit
 34649 | Snake:4  | Reached skill level 10 in Dodging
 34950 | Snake:4  | Noticed MirrMurr's ghost (adept MiFi)
 35781 | Snake:4  | HP: 3/154 [MirrMurr's ghost (26)]
 35781 | Snake:4  | Slain by MirrMurr's ghost

Skill      XL: |  1  2  3  4  5  6  7  8  9 10 11 12 13 14 15 16 17 |
---------------+----------------------------------------------------+-----
Long Blades    | 3 4 5 6 8 9 11 12 13 15 16 18 19 21 22 | 22.8
Armour         | 4 5 6 7 8 9 10 11 12 13 14 | 14.0
Fighting       | 4 5 6 7 8 10 11 12 13 14 | 14.7
Invocations    | 3 5 7 9 11 12 14 15 | 15.0
Dodging        | 4 8 10 | 10.5
Shields        | |  3.6

Action                   |  1- 3 |  4- 6 |  7- 9 | 10-12 | 13-15 | 16-18 || total
-------------------------+-------+-------+-------+-------+-------+-------++-------
Melee: Long sword        |    97 |   144 |   342 |   880 |   159 |       ||  1622
       Headbutt          |    16 |    27 |    77 |   225 |   309 |   151 ||   805
       Great sword       |       |       |       |       |   652 |       ||   652
       Demon blade       |       |       |       |       |   450 |       ||   450
       Triple sword      |       |       |       |       |    47 |   561 ||   608
Invok: Upheaval          |       |       |       |     4 |    18 |       ||    22
       Elemental Force   |       |       |       |     1 |       |       ||     1
Evoke: Wand              |       |       |     1 |       |       |     1 ||     2
  Use: Scroll            |       |     2 |    15 |     7 |    16 |     3 ||    43
       Potion            |       |     2 |     2 |     6 |     7 |     1 ||    18
  Eat: Chunk             |       |     8 |    11 |    19 |    38 |     8 ||    84
       Pizza             |       |       |     2 |       |     2 |     2 ||     6
       Meat ration       |       |       |       |     1 |       |       ||     1
       Fruit             |       |       |       |     1 |       |       ||     1
       Bread ration      |       |       |       |       |       |     3 ||     3
       Royal jelly       |       |       |       |       |       |     1 ||     1
Armor: Scale mail        |    44 |    67 |   112 |   245 |   494 |   118 ||  1080
Dodge: Dodged            |    32 |    32 |   131 |   258 |   700 |   391 ||  1544
       Deflected         |       |       |       |     8 |    33 |    49 ||    90
Block: Shield            |    55 |    57 |   154 |   727 |   156 |       ||  1149
       Reflection        |       |       |       |    11 |     2 |       ||    13
       Other             |       |       |       |       |   350 |   196 ||   546
       Rpst.: Long sword |     8 |    10 |    37 |    72 |    18 |       ||   145
       Great sword       |       |       |       |       |    99 |       ||    99
       Demon blade       |       |       |       |       |    39 |       ||    39
       Triple sword      |       |       |       |       |     6 |    71 ||    77
